 Dungeon Crawl Stone Soup version 0.27-a0-1149-g4505690ab0 (webtiles) character file.

Game seed: 9610384662465034015

492 robertstho the Magician (level 7, -3/49 HPs)
             Began as a Djinni Conjurer on May 12, 2021.
             Slain by Duvessa
             ... wielding a +0 rapier
              (9 damage)
             ... on level 4 of the Dungeon.
             The game lasted 00:07:42 (3844 turns).

robertstho the Magician (Djinni Conjurer)           Turns: 3844, Time: 00:07:42

Health: -3/49      AC:  4    Str:  3    XL:     7   Next: 37%
Gold:   104        EV: 12    Int: 24    God:
                   SH:  0    Dex: 12

rFire    + + +     SeeInvis .   g - +11 lajatang of Dipropn {pain, rN+++ Str-3 Int+3}
rCold    . . .     Faith    .   (shield currently unavailable)
rNeg     + + +     Spirit   .   a - +1 robe
rPois    ∞         Reflect  .   q - +0 helmet
rElec    +         Harm     .   (no cloak)
rCorr    +         Rampage  .   (no gloves)
Will     .....                  (boots unavailable)
Stlth    ++........             (no amulet)
HPRegen  0.16/turn              (no ring)
MPRegen  0.00/turn              (no ring)

@: resistant, flying
A: sickness immunity, fire resistance 2, cold vulnerability 1, float, innate
caster, hp casting, extra vitality 1
a: no special abilities


You were on level 4 of the Dungeon.
You visited 1 branch of the dungeon, and saw 4 of its levels.

You collected 104 gold pieces.

Inventory:

Hand Weapons
 c - a +0 dagger
 e - a +0 hunting sling
 g - the +11 lajatang of Dipropn (weapon) {pain, rN+++ Str-3 Int+3}
   (You acquired it on level 2 of the Dungeon)

   In the hands of one skilled in necromantic magic, it inflicts extra damage on
   living creatures.
   It affects your strength (-3).
   It affects your intelligence (+3).
   It renders you almost immune to negative energy.
Missiles
 d - 7 sling bullets
 f - 124 stones
Armour
 a - a +1 robe (worn)
 q - a +0 helmet (worn)
Jewellery
 o - a ring of protection from fire
Wands
 r - a wand of flame (20)
Scrolls
 j - 2 scrolls of identify
 m - a scroll of noise
Potions
 b - a potion of ambrosia {unknown}
 h - a potion of resistance
 i - a potion of lignification {unknown}
 k - a potion of flight {unknown}
 l - 2 potions of curing {unknown}
 n - a potion of haste {unknown}
 p - a potion of might {unknown}


   Skills:
 + Level 2.2 Fighting
 + Level 3.0 Staves
 + Level 1.7 Slings
 + Level 3.2 Dodging
 + Level 2.7 Stealth
 + Level 4.4 Spellcasting


You couldn't memorise any spells.
You knew the following spells:

 Your Spells              Type           Power      Damage    Failure   Level
a - Magic Dart            Conj           100%       1d8       1%          1
b - Searing Ray           Conj           52%        3d5       2%          2
c - Dazzling Flash        Conj/Hex       52%        N/A       4%          3
d - Fulminant Prism       Conj/Hex       13%        3d9       16%         4
e - Iskenderun's Mystic   Conj/Tloc      26%        2d7       16%         4
f - Corona                Hex            28%        N/A       1%          1
g - Poisonous Vapours     Pois/Air       52%        N/A       2%          2
h - Mephitic Cloud        Conj/Pois/Air  26%        N/A       4%          3
Your spell library was empty.

Dungeon Overview and Level Annotations

Branches:
Dungeon (4/15)
 Temple: D:4-7

Altars:
Dithmenos

Shops:
D:4 :

Annotations:
D:4 Duvessa


Innate Abilities, Weirdness & Mutations

You are immune to sickness and miasma.
You are immune to poison.
Your flesh is very heat resistant. (rF++)
You are vulnerable to cold. (rC-)
You float through the air rather than walking.
You learn spells naturally, not from books.
Your magical power is your life essence.
You have superior vitality. (+4 HP)


Message History

Casting: Fulminant Prism (quite dangerous; 16% risk of failure)
Confirm with . or Enter, or press ? or * to list all spells.
Okay, then.
Casting: Fulminant Prism (quite dangerous; 16% risk of failure)
Confirm with . or Enter, or press ? or * to list all spells.
The spell is quite dangerous to cast (16% risk of failure)!
Continue anyway?
You erupt in a blast of force!
The mystic blast hits Duvessa.
Duvessa is heavily wounded.
Duvessa is knocked back by the mystic blast.
Unknown command.
Casting: Iskenderun's Mystic Blast (quite dangerous; 16% risk of failure)
Confirm with . or Enter, or press ? or * to list all spells.
The spell is quite dangerous to cast (16% risk of failure)!
Continue anyway?
Okay, then.
Casting: Iskenderun's Mystic Blast (quite dangerous; 16% risk of failure)
Confirm with . or Enter, or press ? or * to list all spells.
Duvessa is dazzled.
Duvessa hits you with a +0 rapier!
An orc comes into view.
It is wielding a +2 trident of protection.
Duvessa barely misses you.
Unknown command.
An orc comes into view. It is wielding a +0 mace.
Duvessa rages.
A giant cockroach comes into view.
Duvessa closely misses you.
Duvessa is no longer blind.
Duvessa hits you with a +0 rapier.
Unknown command.
Duvessa hits you with a +0 rapier!
* * * LOW HITPOINT WARNING * * *
You hear a shout!
Okay, then.
It was a potion of resistance.
You feel protected. Duvessa barely misses you.
Okay, then.
Casting: Dazzling Flash (dangerous; 4% risk of failure)
Confirm with . or Enter, or press ? or * to list all spells.
Duvessa is dazzled.
The orc is dazzled. x2
* * * LOW HITPOINT WARNING * * *
Duvessa hits you with a +0 rapier!
You die...

## .## .≈## ######## .≈≈#
##.>.##.## ∩≈≈# #...o....##
≈≈≈###########..@eo#.#.###.####
≈≈###..........###.o...........
.####.########.###.#.#.#.#.####
...##.###.####.........##.B....
.........#.....#.##....).......
[..##.#.#.####.#[#####.......##
.####.#.#.# #..o..............
.# #.#.#.####.#.####..##.....J
#####.#...............(. ...##.


You could see Duvessa (berserk, blind) and 3 orcs.

Vanquished Creatures
  Grinder (D:3)
  An ogre (D:2)
  Dowan (D:4)
  Robin (D:3)
  4 gnolls (D:3)
  2 adders
  A worm (D:2)
  3 dart slugs
  5 orcs (D:3)
  7 endoplasms
  5 giant cockroaches (D:1)
  15 goblins
  4 hobgoblins
  12 jackals
  3 quokkas (D:2)
  5 ball pythons
  8 bats
  A frilled lizard (D:1)
  9 kobolds
  5 rats
93 creatures vanquished.

Vanquished Creatures (others)
  9 fulminant prisms
9 creatures vanquished.

Grand Total: 102 creatures vanquished

Notes
Turn   | Place    | Note
-------+----------+-------------------------------------------
     0 | D:1      | robertstho the Djinni Conjurer began the quest for the Orb.
     0 | D:1      | Reached XP level 1. HP: 15/15 MP: 0/0
    88 | D:1      | Reached XP level 2. HP: 7/21 MP: 0/0
   479 | D:1      | Reached XP level 3. HP: 25/25 MP: 0/0
   479 | D:1      | Learned a level 1 spell: Corona
   982 | D:1      | Reached skill level 1 in Slings
  1200 | D:2      | Reached XP level 4. HP: 29/31 MP: 0/0
  1221 | D:2      | Reached skill level 1 in Fighting
  1245 | D:2      | Found a faded altar of an unknown god.
  1439 | D:2      | Identified a scroll of acquirement
  1439 | D:2      | Acquired the +11 lajatang of Dipropn {pain, rN+++ Str-3
                  | Int+3}
  1454 | D:2      | Found a shadowy altar of Dithmenos.
  1631 | D:2      | Noticed an ogre
  1948 | D:2      | Killed an ogre
  1949 | D:2      | Reached skill level 1 in Staves
  1949 | D:2      | Reached skill level 4 in Spellcasting
  1949 | D:2      | Reached XP level 5. HP: 15/37 MP: 0/0
  1949 | D:2      | Learned a level 2 spell: Poisonous Vapours
  2641 | D:3      | Reached XP level 6. HP: 32/43 MP: 0/0
  2874 | D:3      | Noticed Robin
  2889 | D:3      | Killed Robin
  3124 | D:3      | Noticed Grinder
  3137 | D:3      | Paralysed by Grinder for 3 turns
  3141 | D:3      | Killed Grinder
  3142 | D:3      | Reached XP level 7. HP: 38/49 MP: 0/0
  3142 | D:3      | Learned a level 3 spell: Mephitic Cloud
  3707 | D:4      | Found Meetzikh's Book Boutique.
  3822 | D:4      | Noticed Dowan
  3825 | D:4      | Noticed Duvessa
  3833 | D:4      | Killed Dowan
  3844 | D:4      | Slain by Duvessa

Illustrated notes

Levels and vault maps discovered:
D:1:      amcnicky_arrival_abandoned_market, layout_basic,
          hangedman_decor_opposing
D:2:      layout_loops_ring, hellmonk_ecumenical_altar_inner_sanctum,
          basic_altar, minmay_strange_pillars
D:3:      layout_loops_cross, grunt_decor_one_mirror, uniq_grinder, uniq_robin
D:4:      layout_loops_ring, lemuel_crystal_altar, serial_shops,
          nicolae_shop_waterfront, uniq_duvessa

Skill      XL: |  1  2  3  4  5  6  7 |
---------------+----------------------+-----
Slings         | 1 |  1.7
Fighting       | 1 2 |  2.2
Staves         | 1 2 3 |  3.0
Spellcasting   | 4 |  4.4
Stealth        | 2 |  2.7
Dodging        | 3 |  3.2

Action                   |  1- 3 |  4- 6 |  7- 9 || total
-------------------------+-------+-------+-------++-------
Melee: Dagger            |     1 |       |       ||     1
       Lajatang          |       |    27 |     3 ||    30
 Fire: Hunting sling     |    84 |       |       ||    84
 Cast: Magic Dart        |    15 |    12 |     3 ||    30
       Searing Ray       |       |    10 |     4 ||    14
       Fulminant Prism   |       |     4 |     5 ||     9
       Dazzling Flash    |       |     1 |     2 ||     3
       Poisonous Vapours |       |     2 |       ||     2
       Iskenderun's Myst |       |       |     1 ||     1
  Use: Scroll            |       |     4 |     1 ||     5
       Potion            |       |       |     1 ||     1
 Stab: Sleeping          |       |     2 |       ||     2
Armor: Robe              |     3 |     6 |       ||     9
Dodge: Dodged            |    17 |    38 |     8 ||    63

Table legend: (Time is in decaauts)
 A = Elapsed time spent in this place.
 B = Non-inter-level travel time spent in this place.
 C = Inter-level travel time spent in this place.
 D = Time resting spent in this place.
 E = Time spent auto-exploring this place.
 F = Levels seen in this place.
 G = Mean time per level.
                   A        B        C        D        E       F      G
               +--------+--------+--------+--------+--------+-----+--------+
         Total |   3874 |   3802 |     72 |    399 |   2911 |   4 |  968.5 |
       Dungeon |   3874 |   3802 |     72 |    399 |   2911 |   4 |  968.5 |
               +--------+--------+--------+--------+--------+-----+--------+

Top non-repeatable levels by time:
     D:1: 1344 daAuts
     D:3: 1208 daAuts
     D:2: 1180 daAuts
     D:4: 141 daAuts
